Map: 베를린그라드 - 래더

Players

RagnaroK (SHIN) - Winner!

  • Race: Zerg Zerg
  • League: Master

Trap

  • Race: Protoss Protoss

Event: DreamHack SC2 Masters Last Chance 2022

VOD

Have the link to the VOD?

Description

Time

  • Played on: Dec. 15, 2021, 5:01 a.m.
  • Length: 15:02

All games in this series

Show
View Real Time Build Order
Export as new Build Order

RagnaroK Zerg - Winner!

Build Orders: Pool First 

Get SALT Encoding   

  12  0:00  Drone  
  13  0:08  Drone  
  14  0:17  Overlord  
  14  0:22  Drone, Extractor  
  15  0:37  Drone x2  
  17  0:46  Spawning Pool  
  17  0:47  Drone  
  17  1:11  Drone, Hatchery  
  17  1:21  Drone  
  17  1:25  Extractor  
  17  1:32  Queen  
  17  1:33  Zergling x4  
  17  1:38  Overlord  
  21  1:48  Drone  
  22  1:59  Drone  
  23  2:08  Queen  
  23  2:09  Drone  
  26  2:23  Drone x2  
  26  2:27  Metabolic Boost  
  30  2:31  Zergling x2  
  29  2:37  Hatchery  
  29  2:40  Drone  
  29  2:43  Drone  
  30  2:44  Drone  
  30  2:50  Overlord  
  31  2:53  Drone  
  31  2:55  Drone  
  33  3:03  Queen  
  35  3:05  Drone  
  35  3:10  Drone x2  
  38  3:17  Drone  
  38  3:18  Drone x2  
  38  3:19  Drone  
  42  3:22  Drone  
  43  3:28  Roach Warren  
  43  3:32  Overlord  
  43  3:33  Drone  
  43  3:43  Drone  
  43  3:46  Overlord  
  43  3:48  Extractor  
  43  3:50  Drone x4  
  43  3:52  Drone  
  43  3:55  Overlord  
  48  4:01  Overlord  
  48  4:07  Roach x4  
  56  4:17  Zergling x2  
  56  4:18  Zergling x10  
  56  4:21  Zergling x2  
  56  4:22  Zergling x6  
  66  4:28  Ravager x2  
  67  4:32  Zergling x2, Overlord  
  67  4:33  Zergling x2  
  69  4:38  Ravager  
  69  4:39  Overlord  
  69  4:40  Zergling x2  
  69  4:42  Zergling x2  
  69  4:44  Overlord  
  69  4:45  Zergling x4  
  74  4:52  Ravager, Zergling x2  
  76  4:53  Zergling x8  
  76  4:59  Zergling x8  
  84  5:04  Zergling x2  
  85  5:09  Drone x2  
  85  5:13  Drone  
  88  5:15  Spore Crawler  
  88  5:20  Roach x4  
  95  5:24  Overlord  
  95  5:25  Roach  
  95  5:27  Overlord  
  97  5:30  Overlord  
  97  5:33  Overlord  
  97  5:36  Overlord  
  97  5:41  Overlord  
  97  5:43  Zergling x2, Roach  
  97  5:44  Roach  
  102  5:50  Drone x4  
  102  5:55  Lair  
  105  6:02  Drone x3  
  107  6:09  Drone x4  
  106  6:11  Zergling x2  
  106  6:12  Zergling x4  
  106  6:17  Extractor  
  107  6:21  Zergling x6, Roach  
  107  6:25  Zergling x10  
  111  6:35  Zergling x2  
  111  6:36  Zergling x4  
  111  6:39  Roach x2  
  103  6:44  Roach  
  103  6:45  Roach x2  
  103  6:47  Ravager x2  
  111  6:52  Roach x3  
  117  6:55  Overlord  
  113  7:02  Zergling x4  
  113  7:05  Glial Reconstitution  
  113  7:07  Drone  
  109  7:09  Drone x2  
  109  7:12  Drone x3  
  109  7:15  Roach x3  
  119  7:21  Drone x4, Extractor  
  122  7:25  Roach x2  
  126  7:31  Drone, Extractor  
  126  7:34  Drone  
  128  7:37  Roach  
  128  7:39  Overseer  
  128  7:43  Drone x3, Extractor  
  130  7:45  Roach  
  130  7:46  Baneling Nest  
  130  7:48  Drone x2  
  133  7:52  Ravager  
  133  7:56  Roach x4  
  142  7:58  Drone x2  
  142  8:01  Drone, Hatchery  
  142  8:05  Ravager  
  145  8:09  Overlord  
  145  8:11  Zergling x10  
  143  8:18  Roach x3  
  121  8:20  Roach  
  121  8:21  Roach  
  121  8:25  Roach x2  
  115  8:31  Roach  
  115  8:32  Drone x2  
  115  8:33  Centrifugal Hooks  
  117  8:36  Roach  
  117  8:37  Roach  
  117  8:40  Drone x2  
  123  8:42  Ravager x2  
  125  8:48  Evolution Chamber  
  125  8:53  Drone  
  125  8:54  Drone x3, Spire  
  127  9:01  Roach x3  
  133  9:05  Zergling x8  
  133  9:09  Overlord  
  137  9:12  Infestation Pit  
  137  9:14  Drone x2  
  139  9:17  Zerg Melee Weapons Level 1  
  139  9:18  Zergling x8  
  139  9:24  Ravager x3  
  145  9:27  Drone x6  
  145  9:30  Drone  
  153  9:33  Overlord  
  153  9:36  Zergling x4, Roach  
  156  9:39  Ravager x2  
  156  9:40  Ravager x2  
  156  9:45  Roach x3  
  155  9:49  Roach x3  
  155  9:53  Ravager  
  155  9:56  Roach x4  
  154  10:01  Baneling x4, Zergling x6  
  157  10:08  Zergling x14  
  163  10:16  Zergling x6  
  160  10:21  Zergling x4  
  160  10:23  Baneling x4  
  160  10:24  Zergling x4  
  160  10:27  Queen  
  163  10:29  Baneling x8  
  163  10:30  Zergling x6, Roach  
  168  10:35  Baneling  
  168  10:36  Baneling x9  
  168  10:39  Overlord x2  
  168  10:43  Overlord  
  168  10:44  Overlord  
  168  10:47  Overlord  
  168  10:53  Zergling x12  
  168  10:57  Baneling x9  
  163  10:59  Zergling x4  
  163  11:03  Zergling x6  
  168  11:09  Zergling x6, Roach  
  168  11:12  Roach  
  168  11:15  Roach x2  
  165  11:19  Roach x4  
  157  11:28  Roach x3  
  134  11:33  Roach  
  134  11:34  Roach  
  134  11:37  Hive  
  134  11:38  Queen  
  127  11:40  Roach x2  
  127  11:41  Roach  
  127  11:43  Roach  
  132  11:47  Ravager x3  
  132  11:48  Ravager x2  
  132  11:49  Zergling x4  
  132  11:51  Zergling x2  
  140  11:54  Zergling x2, Extractor  
  140  11:58  Roach  
  137  12:01  Drone  
  137  12:02  Drone, Zerg Melee Weapons Level 2  
  137  12:07  Zergling x2  
  139  12:10  Baneling  
  139  12:11  Zergling x20  
  139  12:13  Baneling x8  
  149  12:17  Overseer  
  149  12:21  Zergling x2  
  149  12:22  Zergling x6  
  153  12:27  Zergling x4  
  155  12:32  Zergling x4  
  157  12:40  Zergling x16  
  157  12:42  Hatchery  
  164  12:50  Viper x2  
  164  12:51  Viper  
  170  12:54  Zergling x12, Roach  
  170  12:56  Baneling x3  
  170  12:57  Baneling  
  180  12:59  Zergling x2  
  180  13:00  Zergling x2, Baneling  
  180  13:01  Baneling x2  
  182  13:09  Baneling x8  
  182  13:10  Baneling  
  182  13:12  Zergling x8, Roach  
  188  13:13  Zergling x2  
  187  13:22  Baneling x8  
  187  13:23  Zergling x6, Roach  
  190  13:28  Zergling x8  
  190  13:33  Baneling  
  190  13:34  Baneling x7  
  193  13:35  Zergling x6  
  193  13:39  Zergling x8  
  200  13:43  Baneling x6  
  200  13:44  Baneling  
  199  13:54  Zergling x2  
  195  14:07  Zergling x8, Roach  
  195  14:08  Zergling x30  
  171  14:13  Roach x3  
  171  14:16  Zergling x2, Roach  
  167  14:22  Zergling x10  
  172  14:24  Zergling x2  
  172  14:25  Zergling x2  
  172  14:29  Baneling x10  
  172  14:30  Ravager  
  175  14:31  Baneling x2  
  175  14:32  Baneling  
  175  14:35  Baneling x7  
  175  14:36  Baneling  
  175  14:37  Baneling x2  
  175  14:42  Zergling x6  
  175  14:44  Baneling x6  
Show
View Real Time Build Order
Export as new Build Order

Trap Protoss 

Build Orders: Mass Adepts 

Get SALT Encoding   

  12  0:00  Probe  
  13  0:13  Pylon  
  13  0:17  Probe (Chrono Boost)  
  14  0:27  Probe (Chrono Boost)  
  15  0:32  Probe (Chrono Boost)  
  16  0:40  Gateway  
  16  0:43  Probe  
  16  0:49  Assimilator  
  17  0:56  Probe  
  18  1:08  Probe  
  19  1:20  Probe  
  20  1:27  Cybernetics Core  
  20  1:28  Zealot  
  20  1:32  Pylon  
  22  1:48  Nexus  
  22  1:51  Probe  
  23  1:58  Assimilator  
  23  2:01  Adept (Chrono Boost)  
  23  2:06  Probe  
  26  2:10  Warp Gate  
  26  2:18  Probe (Chrono Boost)  
  27  2:23  Adept  
  30  2:30  Probe (Chrono Boost)  
  30  2:35  Twilight Council  
  30  2:37  Probe (Chrono Boost)  
  31  2:53  Robotics Facility  
  31  3:00  Probe (Chrono Boost)  
  31  3:05  Resonating Glaives (Chrono Boost), Probe (Chrono Boost)  
  33  3:09  Probe (Chrono Boost)  
  35  3:13  Probe (Chrono Boost)  
  35  3:14  Probe (Chrono Boost)  
  36  3:23  Probe  
  36  3:26  Probe  
  38  3:27  Gateway  
  38  3:29  Gateway  
  38  3:35  Gateway  
  38  3:38  Probe  
  38  3:39  Probe  
  40  3:49  Warp Prism  
  40  3:52  Probe  
  40  3:53  Probe  
  44  3:57  Pylon  
  44  4:01  Adept  
  46  4:05  Pylon  
  46  4:13  Pylon  
  46  4:15  Probe x2  
  48  4:23  Stalker  
  50  4:26  Adept x2  
  50  4:29  Adept  
  56  4:34  Immortal (Chrono Boost)  
  60  4:40  Pylon  
  60  4:44  Probe x2  
  62  4:55  Assimilator  
  62  4:59  Adept x4  
  70  5:06  Immortal (Chrono Boost)  
  70  5:13  Pylon  
  74  5:19  Probe x2  
  76  5:36  Nexus  
  76  5:38  Immortal (Chrono Boost)  
  76  5:42  Pylon  
  80  5:45  Adept  
  80  5:48  Sentry x2  
  86  5:51  Pylon  
  86  6:00  Probe x2  
  86  6:11  Observer, Shield Battery  
  86  6:12  Probe x2  
  86  6:15  Adept x4  
  97  6:19  Pylon  
  97  6:21  Pylon  
  97  6:27  Forge  
  95  6:38  Adept x4  
  89  6:44  Immortal (Chrono Boost)  
  93  6:49  Probe  
  93  6:50  Probe  
  93  6:51  Probe  
  96  6:56  Blink (Chrono Boost)  
  96  7:01  Probe  
  97  7:02  Probe  
  97  7:03  Probe  
  97  7:07  Protoss Ground Weapons Level 1 (Chrono Boost)  
  99  7:15  Immortal (Chrono Boost)  
  103  7:25  Gateway x2  
  103  7:29  Gateway  
  103  7:31  Gateway, Sentry x2  
  103  7:33  Assimilator  
  103  7:36  Probe x3  
  110  7:42  Stalker  
  110  7:43  Stalker  
  114  7:46  Pylon  
  114  7:48  Probe  
  116  7:51  Probe x2  
  116  7:54  Pylon  
  116  7:55  Pylon  
  117  8:00  Probe  
  117  8:04  Stalker x2  
  122  8:07  Stalker x2  
  126  8:19  Probe x3  
  119  8:24  Immortal (Chrono Boost)  
  98  8:31  Probe  
  98  8:32  Stalker x2  
  98  8:33  Stalker x2  
  107  8:37  Stalker x2  
  107  8:39  Pylon  
  107  8:40  Assimilator  
  109  8:44  Assimilator  
  109  8:51  Stalker x2  
  113  8:58  Probe x3  
  113  9:01  Observer (Chrono Boost)  
  117  9:10  Zealot  
  117  9:11  Stalker x3  
  117  9:12  Stalker  
  117  9:15  Pylon  
  117  9:16  Stalker x2  
  131  9:25  Shield Battery  
  131  9:28  Robotics Bay  
  131  9:34  Zealot x2  
  131  9:35  Zealot x3  
  139  9:39  Robotics Facility  
  133  9:48  Zealot  
  125  10:04  Shield Battery  
  125  10:05  Immortal (Chrono Boost)  
  121  10:07  Shield Battery  
  121  10:09  Stalker x5  
  135  10:26  Colossus (Chrono Boost)  
  135  10:29  Extended Thermal Lance  
  135  10:32  Photon Cannon  
  135  10:33  Colossus (Chrono Boost)  
  147  10:37  Photon Cannon, Protoss Ground Weapons Level 2 (Chrono Boost)  
  145  10:57  Sentry x3  
  145  11:02  Nexus  
  151  11:05  Pylon  
  155  11:12  Colossus (Chrono Boost)  
  145  11:24  Stalker x5  
  139  11:25  Zealot  
  139  11:26  Zealot  
  120  11:38  Colossus (Chrono Boost)  
  126  11:48  Photon Cannon  
  126  11:50  Photon Cannon  
  126  11:52  Shield Battery  
  126  11:58  Immortal (Chrono Boost)  
  126  12:00  Charge  
  130  12:07  Sentry  
  130  12:08  Sentry x2  
  136  12:11  Photon Cannon  
  136  12:12  Shield Battery  
  136  12:13  Probe  
  136  12:14  Probe x3  
  140  12:23  Templar Archives  
  140  12:25  Assimilator  
  140  12:26  Assimilator  
  140  12:32  Immortal (Chrono Boost)  
  140  12:35  Colossus (Chrono Boost)  
  150  12:44  Pylon  
  150  12:52  Photon Cannon  
  150  12:54  Photon Cannon  
  150  12:58  Shield Battery  
  149  13:05  Zealot x2, High Templar x2  
  153  13:08  Gateway  
  153  13:09  Gateway, High Templar x2  
  161  13:13  Archon  
  161  13:14  Archon  
  159  13:22  Zealot x2  
  163  13:27  Gateway  
  163  13:29  Gateway  
  163  13:35  Observer  
  163  13:36  High Templar x2  
  163  13:37  Zealot x2  
  163  13:40  Photon Cannon  
  172  13:41  Archon  
  172  13:47  Stalker x4  
  180  14:00  High Templar x2  
  184  14:04  Archon  
  184  14:05  Nexus  
  184  14:08  Zealot x2  
  184  14:09  Zealot x2  
  100  14:22  High Templar x3  
  100  14:23  Zealot x3  
  112  14:29  Zealot x3  
  112  14:30  Zealot  
  120  14:40  Stalker  
  120  14:41  Stalker  
  132  14:58  Archon  

Tags
 
Add a new tag
Caveats
  • Supply blocks, unpowered buildings, or Contaminate may cause inaccurate times.
  • Supply counts are checked every 10 seconds.